 Dungeon Crawl Stone Soup version 0.31-a0-703-gcfe89afef6 (webtiles) character file.

Game seed: 14806780324034137436

136 Skeral the Firebug (level 5, 0/41 HPs)
             Began as a Meteoran Fire Elementalist on Sept 9, 2023.
             Was a Follower of Sif Muna.
             Succumbed to a killer bee's poison
             ... on level 4 of the Dungeon.
             The game lasted 00:07:28 (1387 turns).

Skeral the Firebug (Meteoran Fire Elementalist)     Turns: 1387, Time: 00:07:29

Health: 0/41       AC:  3    Str:  9    XL:     5   Next: 71%
Magic:  11/11      EV: 12    Int: 19    God:    Sif Muna [*.....]
Gold:   226        SH:  0    Dex: 14    Spells: 6/11 levels left

rFire   . . .        a - +2 dagger (venom)
rCold   . . .        (no shield)
rNeg    . . .        d - +0 robe
rPois   .            (no helmet)
rElec   .            (no cloak)
rCorr   .            j - +0 pair of gloves
SInv    .            (no boots)
Will    .....        (no amulet)
Stlth   +            (no ring)
HPRegen 0.26/turn    (no ring)
MPRegen 0.12/turn

%: no passive effects
@: lethally poisoned (0 -> -4), channelling, glowing
A: sense surroundings 1, otherworldly, glowing, explore regen
a: Renounce Religion, Channel Magic


You were on level 4 of the Dungeon.
You worshipped Sif Muna.
Sif Muna was aware of your devotion.
You visited 1 branch of the dungeon, and saw 4 of its levels.

You collected 226 gold pieces.


Innate Abilities, Weirdness & Mutations

You passively map a small area around you.
You are easily found by Zot.
You glow in the dark.
You regain HP and MP as you explore.


   Skills:
 + Level 2.0 Fighting
 - Level 2.1 Dodging
 - Level 1.4 Stealth
 + Level 3.7 Spellcasting
 + Level 2.8 Conjurations
 + Level 2.1 Translocations
 + Level 4.4 Fire Magic


You had 6 spell levels left.
You knew the following spells:

 Your Spells              Type           Power      Damage    Failure   Level
b - Blink                 Tloc           22%        N/A       9%          2
f - Foxfire               Conj/Fire      68%        2x1d7     3%          1
s - Scorch                Fire           40%        2d6       3%          2

Your spell library contained the following spells:

 Spells                   Type           Power      Damage    Failure   Level
 Apportation              Tloc           22%        N/A       6%          1
 Volatile Blastmotes      Fire/Tloc      32%        2d12      11%         3
 Necrotise                Necr           12%        1d4       14%         1
 Summon Small Mammal      Summ           12%        N/A       14%         1
 Inner Flame              Hex/Fire       11%        N/A       17%         3
 Flame Wave               Conj/Fire      17%        2d7       30%         4
 Manifold Assault         Tloc           11%        N/A       50%         4

Inventory:

Hand Weapons
 a - a +2 dagger of venom (weapon)
   (You found it on level 2 of the Dungeon)
Missiles
 i - 4 poisoned darts
 l - 3 javelins
Armour
 d - a +0 robe (worn)
 j - a +0 pair of gloves (worn)
   (You found it on level 2 of the Dungeon)
Scrolls
 e - 3 scrolls of identify {unknown}
 f - a scroll of enchant weapon {unknown}
 g - 2 scrolls of acquirement {unknown}
 h - a scroll of silence {unknown}
 k - a scroll of amnesia {unknown}
 m - 2 scrolls of fear {unknown}
 n - a scroll of immolation {unknown}
 o - 2 scrolls of fog {unknown}
 p - a scroll of blinking {unknown}
Potions
 b - a potion of magic

Dungeon Overview and Level Annotations

Branches:
Dungeon (4/15) Zot: 1013
 Temple: D:4-7

Altars:
Kikubaaqudgha
Sif Muna

* ,.....# *
,......# , .....# ,
....## * , ,,)... *
#..# * * , #..# ,
#§y################
, ,,
#§yoy@§§§§§§§.....#
, *
#§##############.##
* * #.. #.# *,#..
#.# ,#.## ** ###
#.# , ..# , ..# #.#
*, .## ** #.# #.# *
. * #.# #.# , #.#
#.#


You could see 3 killer bees and an orc.


Message History

Flames lash the hobgoblin.
The hobgoblin's fire resistance burns away.
You hear an angry buzzing noise.
A killer bee comes into view. 😎 MP[-2]
You lost 2 mp, and now have 9/11 mp.
Casting: Scorch (safe; 3% risk of failure)
Confirm with . or Enter, or press ? or * to list all spells.
Flames lash the orc.
You kill the orc!
Sif Muna accepts your kill.
A killer bee comes into view.
The hobgoblin barely misses you. 😎 MP[-2]
You lost 2 mp, and now have 7/11 mp.
Casting: Scorch (safe; 3% risk of failure)
Confirm with . or Enter, or press ? or * to list all spells.
Flames lash the hobgoblin.
The hobgoblin is burned terribly!
You kill the hobgoblin!
Sif Muna accepts your kill. The orc closely misses you. 😎 MP[-2]
You lost 2 mp, and now have 5/11 mp.
The killer bee stings you.
The killer bee closely misses you. 😕 HP[-2]
You take 2 damage, and now have 39/41 hp.
The orc hits you with a +0 short sword.
The killer bee stings you but does no damage. 😕 HP[-4]
You take 4 damage, and now have 35/41 hp.
The killer bee stings you. 😕 HP[-3]
You take 3 damage, and now have 32/41 hp.
A killer bee comes into view.
The killer bee stings you.
You are poisoned.
The killer bee poisons you! 😕 HP[-1]
You take 1 damage, and now have 31/41 hp.
Casting: Scorch (safe; 3% risk of failure)
Confirm with . or Enter, or press ? or * to list all spells.
Flames lash the orc.
The orc's fire resistance burns away.
The killer bee buzzes angrily.
You feel sick. The killer bee misses you.
The killer bee stings you. 😮 HP[-6] MP[-2]
You take 6 damage, and now have 25/41 hp.
You lost 2 mp, and now have 3/11 mp.
Casting: Scorch (safe; 3% risk of failure)
Confirm with . or Enter, or press ? or * to list all spells.
Flames lash the orc.
You kill the orc!
Sif Muna accepts your kill.
You feel sick.
You hear an angry buzzing noise.
The killer bee misses you. x2 😮 HP[-1] MP[-1]
You take 1 damage, and now have 24/41 hp.
You lost 1 mp, and now have 2/11 mp.
Casting: Scorch (safe; 3% risk of failure)
Confirm with . or Enter, or press ? or * to list all spells.
Flames lash the killer bee.
The killer bee's fire resistance burns away.
You feel sick. The killer bee stings you!
* * * LOW HITPOINT WARNING * * *
The killer bee misses you. 😨 HP[-10] MP[-2]
You take 10 damage, and now have 14/41 hp.
MASSIVE DAMAGE!! (PAUSE)
You lost 2 mp, and now have 0/11 mp.
You aren't carrying any items that you can evoke.
It was a potion of curing.
You feel better.
The orc is no longer more vulnerable to fire.
The killer bee stings you.
* * * LOW HITPOINT WARNING * * *
You are poisoned.
The killer bee poisons you!
The killer bee barely misses you. 😨 HP[+6]
You regained 6 hp, and now have 20/41 hp.
You aren't carrying any items that you can evoke.
You feel sick. The killer bee barely misses you.
The killer bee closely misses you. 😨 HP[-1] MP[+4]
You take 1 damage, and now have 19/41 hp.
You regained 4 mp, and now have 4/11 mp.
Casting: Scorch (safe; 3% risk of failure)
Confirm with . or Enter, or press ? or * to list all spells.
Flames lash the killer bee.
The killer bee's fire resistance burns away.
You feel sick. The killer bee stings you!
* * * LOW HITPOINT WARNING * * *
The killer bee stings you!
* * * LOW HITPOINT WARNING * * *
😱 HP[-18] MP[+2]
You take 18 damage, and now have 1/41 hp.
MASSIVE DAMAGE!! (PAUSE)
You regained 2 mp, and now have 6/11 mp.
The air fills with toxic fumes!
As you read the scroll labelled WIT JOSKEUVEPONK, it crumbles to dust.
It was a scroll of poison.
You die...

Skill      XL: |  1  2  3  4  5 |
---------------+----------------+-----
Spellcasting   | 3 |  3.7
Fighting       | 1 2 |  2.0
Fire Magic     | 4 |  4.4
Conjurations   | 2 |  2.8
Translocations | 1 2 |  2.1
Dodging        | |  2.1
Stealth        | |  1.4

Action                     |  1- 3 |  4- 6 || total
---------------------------+-------+-------++-------
  Melee: Dagger            |    11 |    27 ||    38
   Cast: Foxfire           |    20 |    22 ||    42
         Scorch            |     4 |    41 ||    45
 Invoke: Channel Magic     |       |     1 ||     1
    Use: Potion            |     1 |     1 ||     2
         Scroll            |       |     1 ||     1
 Armour: Robe              |    14 |    34 ||    48
  Dodge: Dodged            |    11 |    48 ||    59

Levels and vault maps discovered:
D:1:      minmay_arrival_glassed_features, layout_basic
D:2:      layout_basic, basic_altar, lightli_corner_chamber
D:3:      layout_loops_cross, mainiacjoe_overflow_alcove_1,
          hangedman_decor_points
D:4:      layout_basic, mainiacjoe_overflow_concentric_impassable

Notes
Turn   | Place    | Note
-------+----------+-------------------------------------------
     0 | D:1      | Skeral the Meteoran Fire Elementalist began the quest for
                  | the Orb.
     0 | D:1      | Reached XP level 1. HP: 14/14 MP: 5/5
     0 | D:1      | magus.rc [v1.10.3]
    20 | D:1      | You add the spells Blink and Manifold Assault to your
                  | library.
   124 | D:1      | Reached XP level 2. HP: 22/22 MP: 3/6
   127 | D:1      | Learned a level 2 spell: Scorch
   130 | D:1      | Learned a level 2 spell: Blink
   196 | D:2      | Reached skill level 3 in Spellcasting
   206 | D:2      | Reached skill level 1 in Fighting
   206 | D:2      | Reached XP level 3. HP: 12/28 MP: 0/8
   207 | D:2      | Reached skill level 4 in Fire Magic
   238 | D:2      | Reached skill level 2 in Conjurations
   238 | D:2      | Reached skill level 1 in Translocations
   272 | D:2      | Found an ancient bone altar of Kikubaaqudgha.
   320 | D:2      | Reached XP level 4. HP: 35/35 MP: 5/9
   365 | D:3      | Found a shimmering blue altar of Sif Muna.
   375 | D:3      | Became a worshipper of Sif Muna the Loreminder
   573 | D:3      | Reached XP level 5. HP: 36/41 MP: 2/11
   717 | D:1      | You pick up a book of Cantrips and begin reading...
   717 | D:1      | You add the spells Necrotise, Summon Small Mammal and
                  | Apportation to your library.
   758 | D:1      | Reached * piety under Sif Muna
   913 | D:1      | Reached skill level 2 in Translocations
  1088 | D:3      | Reached skill level 2 in Fighting
  1386 | D:4      | HP: 9/41 [killer bee (8)]
  1386 | D:4      | HP: 1/41 [killer bee (8)]
  1387 | D:4      | Succumbed to a killer bee's poison

Vanquished Creatures
  5 adders
  4 dart slugs
  9 orcs
  6 ball pythons
  7 endoplasms
  2 giant cockroaches
  5 goblins
  8 hobgoblins
  3 jackals (D:3)
  4 kobolds
  6 bats
  3 frilled lizards
  9 rats
71 creatures vanquished.

Vanquished Creatures (others)
  73 foxfires
73 creatures vanquished.

Grand Total: 144 creatures vanquished

Table legend:
 A = Non-vault XP
 B = Vault XP
 C = Vault XP percentage of total XP
 D = Non-vault monster count
 E = Vault monster count
 F = Vault count percentage of total count
                 A         B        C        D         E       F
            +---------+---------+-------+---------+---------+-------
      Total |     195 |       0 |   0.0 |      71 |       0 |   0.0
            +---------+---------+-------+---------+---------+-------
        D:1 |      51 |       0 |   0.0 |      28 |       0 |   0.0
        D:2 |      66 |       0 |   0.0 |      18 |       0 |   0.0
        D:3 |      70 |       0 |   0.0 |      22 |       0 |   0.0
        D:4 |       8 |       0 |   0.0 |       3 |       0 |   0.0
            +---------+---------+-------+---------+---------+-------

Skill      XL: |  1  2  3  4  5 |
---------------+----------------+-----
Spellcasting   | 3 |  3.7
Fighting       | 1 2 |  2.0
Fire Magic     | 4 |  4.4
Conjurations   | 2 |  2.8
Translocations | 1 2 |  2.1
Dodging        | |  2.1
Stealth        | |  1.4

Action                     |  1- 3 |  4- 6 || total
---------------------------+-------+-------++-------
  Melee: Dagger            |    11 |    27 ||    38
   Cast: Foxfire           |    20 |    22 ||    42
         Scorch            |     4 |    41 ||    45
 Invoke: Channel Magic     |       |     1 ||     1
    Use: Potion            |     1 |     1 ||     2
         Scroll            |       |     1 ||     1
 Armour: Robe              |    14 |    34 ||    48
  Dodge: Dodged            |    11 |    48 ||    59

Illustrated notes

Table legend:
 A = Kills in this place as a percentage of kills in the entire game.
 B = Kills by you in this place as a percentage of kills by you in the entire game.
 C = Kills by friends in this place as a percentage of kills by friends in the entire game.
 D = Other kills in this place as a percentage of other kills in the entire game.
 E = Experience gained in this place as a percentage of experience gained in the entire game.
 F = Experience gained in this place divided by the number of levels of this place that you have seen.
                   A       B       C       D       E      F
               +-------+-------+-------+-------+-------+----------------------
         Total | 100.0 | 100.0 |   N/A |   N/A | 100.0 |  48.8
       Dungeon | 100.0 | 100.0 |   N/A |   N/A | 100.0 |  48.8
               +-------+-------+-------+-------+-------+----------------------

Table legend: (Time is in decaauts)
 A = Elapsed time spent in this place.
 B = Non-inter-level travel time spent in this place.
 C = Inter-level travel time spent in this place.
 D = Time resting spent in this place.
 E = Time spent auto-exploring this place.
 F = Levels seen in this place.
 G = Mean time per level.
                   A        B        C        D        E       F      G
               +--------+--------+--------+--------+--------+-----+--------+
         Total |   1386 |   1190 |    196 |      4 |      0 |   4 |  346.5 |
       Dungeon |   1386 |   1190 |    196 |      4 |      0 |   4 |  346.5 |
               +--------+--------+--------+--------+--------+-----+--------+

Top non-repeatable levels by time:
     D:1: 499 daAuts
     D:3: 454 daAuts
     D:2: 338 daAuts
     D:4: 94 daAuts
